TAMPA BAY Lightning vs MONTREAL Canadiens

Created - 19 février 2024 at 21:27

Goals
1 2 3 T
TAMPA BAY Lightning 1 2 0 3
MONTREAL Canadiens 4 1 2 7
Shots
1 2 3 T
TAMPA BAY Lightning 8 8 6 22
MONTREAL Canadiens 8 15 10 33

1st period

1. TAMPA BAY Lightning , Timothy Liljegren 5 (Scott Laughton 10) at 1:47 (PP)
2. MONTREAL Canadiens , Joe Veleno 1 (William Carrier 4, Anthony Beauvillier 5) at 4:04
3. MONTREAL Canadiens , Alexis Lafrenière 4 (Jeremy Lauzon 3, Phillip Danault 9) at 7:44
4. MONTREAL Canadiens , Cole Caufield 4 (David Savard 5, Zach Parise 2) at 10:34
5. MONTREAL Canadiens , Anthony Beauvillier 5 (William Carrier 5) at 15:55

Penalties :
Simon Benoit (MTL) for Holding (Minor) at 1:24

2nd period

6. TAMPA BAY Lightning , Mikael Backlund 4 (Anders Lee 3, Karel Vejmelka) at 4:34
7. MONTREAL Canadiens , Cole Caufield 5 (Noah Dobson 8, Mike Matheson 5) at 10:47
8. TAMPA BAY Lightning , Erik Gudbranson 2 (Mikael Backlund 5, Dylan DeMelo 8) at 19:18 (PP)

Penalties :
Jeremy Lauzon (MTL) for Tripping (Minor) at 11:15, Tyson Jost (TBL) for Tripping (Minor) at 13:32, Anthony Mantha (MTL) for High sticking (Minor) at 17:26

3rd period

9. MONTREAL Canadiens , Noah Dobson 4 (Mike Matheson 6, Cole Caufield 9) at 2:31 (PP)
10. MONTREAL Canadiens , Phillip Danault 3 (Alexis Lafrenière 4, Simon Benoit 3) at 10:36

Penalties :
Anders Lee (TBL) for Tripping (Minor) at 2:00, Nicolas Deslauriers (TBL) for Holding (Minor) at 6:04, Phillip Danault (MTL) for Tripping (Minor) at 15:15

Goalie Stats

Calvin Petersen (TBL), 18 saves from 20 shots - (0,900), 29:13 minutes
Karel Vejmelka (TBL), 8 saves from 13 shots - (0,615), L, 4-8-1, 30:47 minutes
Jordan Binnington (MTL), 19 saves from 22 shots - (0,864), W, 7-4-1, 60:00 minutes

Players Stats for TAMPA BAY Lightning

Player Name              G  A  P  +/- PIM S  H  SB GA TA FO     MP     PP MP  PK MP  
------------------------------------------------------------------------------------
Anders Lee               0  1  1   0  2   1  1  1  0  0  1/1    20:28   3:19   0:00 
Brock McGinn             0  0  0  -4  0   2  0  1  0  0  0/0    17:23   0:39   2:15 
Chad Ruhwedel            0  0  0   0  0   2  0  2  0  0  0/0    18:25   0:39   2:45 
Christian Fischer        0  0  0  -1  0   0  0  0  0  0  0/0    12:12   0:00   1:25 
Dylan DeMelo             0  1  1  -3  0   0  4  3  0  0  0/0    25:30   2:21   1:44 
Eeli Tolvanen            0  0  0   0  0   1  3  1  0  0  0/0    20:29   3:19   0:00 
Erik Gudbranson          1  0  1  -3  0   2  1  2  0  0  0/0    25:30   2:21   1:44 
Josh Mahura              0  0  0  -2  0   2  0  0  0  0  0/0    16:05   3:13   0:00 
Mason Marchment          0  0  0  -4  0   1  3  0  0  0  1/1    17:23   2:54   0:00 
Michael McCarron         0  0  0   0  0   1  1  0  0  0  4/8     6:52   0:00   0:00 
Mikael Backlund          1  1  2   0  0   5  2  0  0  0  17/36  23:28   3:19   2:59 
Nick Ritchie             0  0  0  -1  0   0  2  0  0  0  0/0    10:47   0:00   0:00 
Nicolas Deslauriers      0  0  0   0  2   2  1  0  0  0  0/1     6:51   0:00   0:00 
Robert Hagg              0  0  0  -2  0   0  1  0  0  0  0/0    13:31   0:39   0:00 
Sammy Blais              0  0  0   0  0   0  1  0  0  0  0/0     6:52   0:00   0:00 
Scott Laughton           0  1  1  -4  0   1  2  0  0  0  8/19   18:53   2:54   1:30 
Timothy Liljegren        1  0  1   0  0   2  0  3  0  0  0/0    20:59   3:13   2:45 
Tyson Jost               0  0  0  -1  2   0  1  0  0  0  7/16   13:50   2:15   0:49 

Players Stats for MONTREAL Canadiens

Player Name              G  A  P  +/- PIM S  H  SB GA TA FO     MP     PP MP  PK MP  
------------------------------------------------------------------------------------
Alexis Lafrenière        1  1  2   2  0   6  3  0  0  0  2/5    17:38   1:44   1:30 
Anthony Beauvillier      1  1  2   1  0   4  0  1  0  0  0/2     9:16   2:45   1:16 
Anthony Mantha           0  0  0   2  2   1  0  0  0  0  1/1    14:23   0:00   0:00 
Arthur Kaliyev           0  0  0   0  0   0  1  0  0  0  0/3    10:18   0:00   0:00 
Cole Caufield            2  1  3   2  0   7  0  0  0  0  0/0    22:06   2:45   0:00 
David Savard             0  1  1   2  0   1  0  0  0  0  0/0    21:52   2:14   2:54 
Jeremy Lauzon            0  1  1   2  2   0  6  1  0  0  0/0    21:04   2:14   2:07 
Joe Veleno               1  0  1   1  0   1  0  0  0  0  5/10    7:21   0:00   2:06 
Marco Scandella          0  0  0   3  0   0  1  0  0  0  0/0    13:58   0:00   0:00 
Michael Amadio           0  0  0   0  0   1  1  0  0  0  3/4    11:06   0:48   0:00 
Mike Matheson            0  2  2   0  0   1  2  2  0  0  0/0    24:10   2:15   3:19 
Nicolas Roy              0  0  0   0  0   1  1  0  0  0  6/11   12:02   1:44   0:00 
Noah Dobson              1  1  2   0  0   3  2  2  0  0  0/0    24:10   2:15   3:19 
Phillip Danault          1  1  2   2  2   2  2  0  0  0  11/20  19:35   1:57   3:15 
Pierre-Luc Dubois        0  0  0   2  0   1  3  0  0  0  15/25  21:05   1:44   0:00 
Simon Benoit             0  1  1   3  2   1  4  0  0  0  0/0    14:44   0:00   0:47 
William Carrier          0  2  2   1  0   2  1  0  0  0  1/1     9:34   0:00   4:19 
Zach Parise              0  1  1   2  0   1  2  2  0  0  0/0    19:21   0:00   0:00 

3 Stars

1 - Cole Caufield (MTL)
2 - Alexis Lafrenière (MTL)
3 - Noah Dobson (MTL)

Power Play

TAMPA BAY Lightning - 2 on 4 Attempt(s) - 50,00%
MONTREAL Canadiens - 1 on 3 Attempt(s) - 33,33%

Penalty Kill

TAMPA BAY Lightning - 2 on 3 Attempt(s) - 66,67% - Score 0 goal in Penalty Kill
MONTREAL Canadiens - 2 on 4 Attempt(s) - 50,00% - Score 0 goal in Penalty Kill

Team Stat

TAMPA BAY Lightning - Hits : 23 - Faceoff Wins : 38 - Blocked Shots : 13 - Penalty Minutes : 6
MONTREAL Canadiens - Hits : 29 - Faceoff Wins : 44 - Blocked Shots : 8 - Penalty Minutes : 8

Official

Referees : MacKenzie Welter and Dan O'Rourke
Linesman : Kendall Hanley and Kory Nagy

Game Notes

Calvin Petersen enters game at 10:47 of 2nd period

Finance

Level 1 -- Attendance: 6300 (100,00%) -- Ticket Income $504,000
Level 2 -- Attendance: 4897 (78,98%) -- Ticket Income $244,850
Level 3 -- Attendance: 2691 (74,28%) -- Ticket Income $80,730
Level 4 -- Attendance: 4000 (100,00%) -- Ticket Income $80,000
Luxury Box -- Attendance: 1137 (98,87%) -- Ticket Income $147,810
Game was played at the Centre Bell.
Total Attendance: 19025 (89,43%)
Total Ticket Income: $1,057,390
Other Income: $264,348
Total Income: $1,321,738

TAMPA BAY Lightning

5 vs 5 Forward 
   Center                   Left Wing                Right Wing               Time % Phy DF OF 
 1 Mikael Backlund          Anders Lee               Eeli Tolvanen            40     1   2  2  
 2 Scott Laughton           Mason Marchment          Brock McGinn             30     1   2  2  
 3 Tyson Jost               Nick Ritchie             Christian Fischer        20     1   2  2  
 4 Michael McCarron         Nicolas Deslauriers      Sammy Blais              10     3   1  1  

5 vs 5 Defense 
   Defense                  Defense                                           Time % Phy DF OF 
 1 Dylan DeMelo             Erik Gudbranson                                   40     1   2  2  
 2 Timothy Liljegren        Chad Ruhwedel                                     30     1   2  2  
 3 Josh Mahura              Robert Hagg                                       20     1   2  2  
 4 Dylan DeMelo             Erik Gudbranson                                   10     1   2  2  

PowerPlay Forward 
   Center                   Left Wing                Right Wing               Time % Phy DF OF 
 1 Mikael Backlund          Anders Lee               Eeli Tolvanen            60     1   2  2  
 2 Tyson Jost               Scott Laughton           Mason Marchment          40     1   2  2  

PowerPlay Defense
   Defense                  Defense                                           Time % Phy DF OF 
 1 Dylan DeMelo             Erik Gudbranson                                   60     1   2  2  
 2 Timothy Liljegren        Josh Mahura                                       40     1   2  2  

Penalty Kill 4 Players Forward 
   Center                   Wing                     Time % Phy DF OF 
 1 Mikael Backlund          Brock McGinn             60     1   2  2  
 2 Scott Laughton           Tyson Jost               40     1   2  2  

Penalty Kill 4 Players Defense
   Defense                  Defense                  Time % Phy DF OF 
 1 Dylan DeMelo             Erik Gudbranson          60     1   2  2  
 2 Timothy Liljegren        Chad Ruhwedel            40     1   2  2  

Penalty Kill - 3 Players Forward 
   Forward                                           Time % Phy DF OF 
 1 Mikael Backlund                                   60     1   2  2  
 2 Scott Laughton                                    40     1   2  2  

Penalty Kill - 3 Players Defense
   Defense                  Defense                  Time % Phy DF OF 
 1 Dylan DeMelo             Erik Gudbranson          60     1   2  2  
 2 Timothy Liljegren        Chad Ruhwedel            40     1   2  2  

4 vs 4 Forward 
   Center                   Wing                     Time % Phy DF OF 
 1 Mikael Backlund          Eeli Tolvanen            60     1   2  2  
 2 Anders Lee               Mason Marchment          40     1   2  2  

4 vs 4 Defense
   Defense                  Defense                  Time % Phy DF OF 
 1 Dylan DeMelo             Erik Gudbranson          60     1   2  2  
 2 Timothy Liljegren        Chad Ruhwedel            40     1   2  2  

Last Minutes Offensive
   Center                   Left Wing                Right Wing               Defense                  Defense                  
   Mikael Backlund          Anders Lee               Eeli Tolvanen            Dylan DeMelo             Timothy Liljegren        

Last Minutes Defensive
   Center                   Left Wing                Right Wing               Defense                  Defense                  
   Mikael Backlund          Scott Laughton           Brock McGinn             Dylan DeMelo             Erik Gudbranson          

Goaltenders
Starting : Karel Vejmelka           
Backup : Calvin Petersen          

Extra Forwards
Normal : Christian Fischer, Brock McGinn, Nick Ritchie - PP : Christian Fischer, Brock McGinn - PK : Christian Fischer
Extra Defensemen
Normal : Chad Ruhwedel, Josh Mahura, Robert Hagg - PP : Chad Ruhwedel - PK : Chad Ruhwedel, Josh Mahura
Penalty Shots
Mikael Backlund, Anders Lee, Scott Laughton, Eeli Tolvanen, Mason Marchment

Scratches
Ryan Reaves (Healthy), Philippe Myers (Healthy), Robin Lehner (Healthy)

MONTREAL Canadiens

5 vs 5 Forward 
   Center                   Left Wing                Right Wing               Time % Phy DF OF 
 1 Pierre-Luc Dubois        Cole Caufield            Zach Parise              40     1   2  2  
 2 Phillip Danault          Alexis Lafrenière        Anthony Mantha           30     1   2  2  
 3 Nicolas Roy              Michael Amadio           Arthur Kaliyev           20     1   2  2  
 4 Joe Veleno               William Carrier          Anthony Beauvillier      10     1   2  2  

5 vs 5 Defense 
   Defense                  Defense                                           Time % Phy DF OF 
 1 Noah Dobson              Mike Matheson                                     40     1   2  2  
 2 David Savard             Jeremy Lauzon                                     30     1   2  2  
 3 Marco Scandella          Simon Benoit                                      20     1   2  2  
 4 Noah Dobson              Mike Matheson                                     10     1   2  2  

PowerPlay Forward 
   Center                   Left Wing                Right Wing               Time % Phy DF OF 
 1 Phillip Danault          Cole Caufield            Anthony Beauvillier      60     1   2  2  
 2 Pierre-Luc Dubois        Alexis Lafrenière        Nicolas Roy              40     1   2  2  

PowerPlay Defense
   Defense                  Defense                                           Time % Phy DF OF 
 1 Noah Dobson              Mike Matheson                                     60     1   2  2  
 2 David Savard             Jeremy Lauzon                                     40     1   2  2  

Penalty Kill 4 Players Forward 
   Center                   Wing                     Time % Phy DF OF 
 1 Phillip Danault          William Carrier          60     1   2  2  
 2 Joe Veleno               Anthony Beauvillier      40     1   2  2  

Penalty Kill 4 Players Defense
   Defense                  Defense                  Time % Phy DF OF 
 1 Noah Dobson              Mike Matheson            60     1   2  2  
 2 David Savard             Jeremy Lauzon            40     1   2  2  

Penalty Kill - 3 Players Forward 
   Forward                                           Time % Phy DF OF 
 1 Phillip Danault                                   60     1   2  2  
 2 Joe Veleno                                        40     1   2  2  

Penalty Kill - 3 Players Defense
   Defense                  Defense                  Time % Phy DF OF 
 1 Noah Dobson              Mike Matheson            60     1   2  2  
 2 David Savard             Jeremy Lauzon            40     1   2  2  

4 vs 4 Forward 
   Center                   Wing                     Time % Phy DF OF 
 1 Phillip Danault          Cole Caufield            60     1   2  2  
 2 Pierre-Luc Dubois        Anthony Beauvillier      40     1   2  2  

4 vs 4 Defense
   Defense                  Defense                  Time % Phy DF OF 
 1 Noah Dobson              Mike Matheson            60     1   2  2  
 2 David Savard             Jeremy Lauzon            40     1   2  2  

Last Minutes Offensive
   Center                   Left Wing                Right Wing               Defense                  Defense                  
   Phillip Danault          Cole Caufield            Anthony Beauvillier      Noah Dobson              Mike Matheson            

Last Minutes Defensive
   Center                   Left Wing                Right Wing               Defense                  Defense                  
   Phillip Danault          William Carrier          Anthony Beauvillier      Noah Dobson              Mike Matheson            

Goaltenders
Starting : Jordan Binnington        
Backup : Petr Mrazek              

Extra Forwards
Normal : Cole Caufield, Michael Amadio, Alexis Lafrenière - PP : Cole Caufield, Michael Amadio - PK : Alexis Lafrenière
Extra Defensemen
Normal : Marco Scandella, Simon Benoit, David Savard - PP : Marco Scandella - PK : Simon Benoit, David Savard
Penalty Shots
Phillip Danault, Cole Caufield, Pierre-Luc Dubois, Anthony Beauvillier, Nicolas Roy

Scratches
Max Comtois (Healthy), Luke Evangelista (Healthy)

% Time on Ice - TAMPA BAY Lightning

Lines # - Real PCT - Wanted PCT - Time Play
Normal Forward
1 - 35% - 40% - 17:10
2 - 29% - 30% - 14:29
3 - 22% - 20% - 10:47
4 - 14% - 10% - 6:52
Normal Defense
1 - 40% - 40% - 19:42
2 - 30% - 30% - 15:01
3 - 26% - 20% - 12:52
4 - 3% - 10% - 1:43
PP Forward
1 - 53% - 60% - 3:19
2 - 47% - 40% - 2:54
PP Defense
1 - 48% - 60% - 3:00
2 - 52% - 40% - 3:13
PK Forward
1 - 67% - 60% - 2:59
2 - 33% - 40% - 1:30
PK Defense
1 - 39% - 60% - 1:44
2 - 61% - 40% - 2:45
PK3 Forward
1 - 0% - 60%
2 - 0% - 40%
PK3 Defense
1 - 0% - 60%
2 - 0% - 40%
44 Forward
1 - 0% - 60%
2 - 0% - 40%
44 Defense
1 - 0% - 60%
2 - 0% - 40%
Last Minute Offensive  - 0:00
Last Minute Defensive  - 0:00
Total
Forward - 60:00
Defense - 60:00

% Time on Ice - MONTREAL Canadiens

Lines # - Real PCT - Wanted PCT - Time Play
Normal Forward
1 - 39% - 40% - 19:21
2 - 29% - 30% - 14:24
3 - 21% - 20% - 10:18
4 - 11% - 10% - 5:15
Normal Defense
1 - 35% - 40% - 17:11
2 - 34% - 30% - 16:44
3 - 28% - 20% - 13:58
4 - 3% - 10% - 1:25
PP Forward
1 - 61% - 60% - 2:45
2 - 39% - 40% - 1:44
PP Defense
1 - 50% - 60% - 2:15
2 - 50% - 40% - 2:14
PK Forward
1 - 84% - 60% - 5:14
2 - 16% - 40% - 0:59
PK Defense
1 - 53% - 60% - 3:19
2 - 47% - 40% - 2:54
PK3 Forward
1 - 0% - 60%
2 - 0% - 40%
PK3 Defense
1 - 0% - 60%
2 - 0% - 40%
44 Forward
1 - 0% - 60%
2 - 0% - 40%
44 Defense
1 - 0% - 60%
2 - 0% - 40%
Last Minute Offensive  - 0:00
Last Minute Defensive  - 0:00
Total
Forward - 60:00
Defense - 60:00

Play-by-Play

1st period


0:01 of 1st period - Pierre-Luc Dubois wins face-off versus Mikael Backlund in neutral zone.
0:10 of 1st period - Shot by Cole Caufield.
0:10 of 1st period - Shot Misses the Net.
0:13 of 1st period - Icing by Dylan DeMelo.
0:14 of 1st period - Mikael Backlund wins face-off versus Alexis Lafrenière in TAMPA BAY Lightning zone.
0:14 of 1st period - Mikael Backlund is hit by Phillip Danault.
0:43 of 1st period - Icing by Dylan DeMelo.
0:44 of 1st period - Mikael Backlund wins face-off versus Nicolas Roy in TAMPA BAY Lightning zone.
0:44 of 1st period - Mikael Backlund is hit by Nicolas Roy.
0:56 of 1st period - Eeli Tolvanen is hit by Simon Benoit and loses puck.
1:15 of 1st period - Shot by Arthur Kaliyev.
1:15 of 1st period - Shot Misses the Net.
1:24 of 1st period - Minor Penalty to Simon Benoit for Holding.
1:25 of 1st period - Phillip Danault wins face-off versus Tyson Jost in MONTREAL Canadiens zone.
1:35 of 1st period - Timothy Liljegren is hit by William Carrier and loses puck.
1:47 of 1st period - Shot by Timothy Liljegren.
1:47 of 1st period - Goal by Timothy Liljegren - TAMPA BAY Lightning : 1 - MONTREAL Canadiens : 0.
1:48 of 1st period - Michael McCarron wins face-off versus Pierre-Luc Dubois in neutral zone.
1:51 of 1st period - Cole Caufield is hit by Sammy Blais and loses puck.
2:09 of 1st period - Sammy Blais is hit by Noah Dobson and loses puck.
2:12 of 1st period - Shot by Michael McCarron.
2:12 of 1st period - Stopped by Jordan Binnington with a rebound.
2:26 of 1st period - Shot by Noah Dobson.
2:26 of 1st period - Stopped by Karel Vejmelka with a rebound.
4:02 of 1st period - Shot by William Carrier.
4:02 of 1st period - Shot Misses the Net.
4:04 of 1st period - Shot by Joe Veleno.
4:04 of 1st period - The goal is going for a video replay.
4:04 of 1st period - The goal is good.
4:04 of 1st period - Goal by Joe Veleno - TAMPA BAY Lightning : 1 - MONTREAL Canadiens : 1.
4:05 of 1st period - Mikael Backlund wins face-off versus Nicolas Roy in neutral zone.
4:39 of 1st period - Arthur Kaliyev is hit by Eeli Tolvanen and loses puck.
4:54 of 1st period - Zach Parise is hit by Anders Lee and loses puck.
5:14 of 1st period - Chad Ruhwedel is hit by Simon Benoit and loses puck.
5:24 of 1st period - Tyson Jost is hit by Simon Benoit and loses puck.
5:38 of 1st period - Tyson Jost is hit by Marco Scandella and loses puck.
6:21 of 1st period - Dylan DeMelo is hit by Alexis Lafrenière and loses puck.
6:27 of 1st period - Mason Marchment is hit by Jeremy Lauzon and loses puck.
6:30 of 1st period - Shot by Brock McGinn.
6:30 of 1st period - Stopped by Jordan Binnington without a rebound.
6:31 of 1st period - William Carrier wins face-off versus Michael McCarron in MONTREAL Canadiens zone.
6:46 of 1st period - Shot by William Carrier.
6:46 of 1st period - Shot Misses the Net.
6:52 of 1st period - Joe Veleno is hit by Nicolas Deslauriers.
7:02 of 1st period - Shot by Sammy Blais.
7:02 of 1st period - Shot Blocked by Anthony Beauvillier.
7:33 of 1st period - Shot by Phillip Danault.
7:33 of 1st period - Shot Misses the Net.
7:37 of 1st period - Shot by Phillip Danault.
7:37 of 1st period - Shot Misses the Net.
7:44 of 1st period - Shot by Alexis Lafrenière.
7:44 of 1st period - Goal by Alexis Lafrenière - TAMPA BAY Lightning : 1 - MONTREAL Canadiens : 2.
7:45 of 1st period - Nicolas Roy wins face-off versus Scott Laughton in neutral zone.
7:59 of 1st period - Icing by Erik Gudbranson.
8:00 of 1st period - Alexis Lafrenière wins face-off versus Scott Laughton in TAMPA BAY Lightning zone.
8:03 of 1st period - Shot by Anthony Mantha.
8:03 of 1st period - Stopped by Karel Vejmelka without a rebound.
8:04 of 1st period - Anders Lee wins face-off versus Pierre-Luc Dubois in TAMPA BAY Lightning zone.
8:44 of 1st period - Icing by Simon Benoit.
8:45 of 1st period - Pierre-Luc Dubois wins face-off versus Scott Laughton in MONTREAL Canadiens zone.
8:53 of 1st period - Off-side.
8:54 of 1st period - Phillip Danault wins face-off versus Scott Laughton in neutral zone.
8:54 of 1st period - Mike Matheson is hit by Mason Marchment and loses puck.
10:03 of 1st period - Shot by Mikael Backlund.
10:03 of 1st period - Stopped by Jordan Binnington without a rebound.
10:04 of 1st period - Pierre-Luc Dubois wins face-off versus Tyson Jost in MONTREAL Canadiens zone.
10:04 of 1st period - Pierre-Luc Dubois is hit by Nick Ritchie.
10:10 of 1st period - Robert Hagg is hit by Zach Parise.
10:34 of 1st period - Shot by Cole Caufield.
10:34 of 1st period - Goal by Cole Caufield - TAMPA BAY Lightning : 1 - MONTREAL Canadiens : 3.
10:35 of 1st period - Nicolas Roy wins face-off versus Mikael Backlund in neutral zone.
10:54 of 1st period - Shot by Anders Lee.
10:54 of 1st period - Stopped by Jordan Binnington without a rebound.
10:55 of 1st period - Scott Laughton wins face-off versus Joe Veleno in MONTREAL Canadiens zone.
10:55 of 1st period - Timothy Liljegren is hit by Jeremy Lauzon and loses puck.
10:58 of 1st period - Shot by Brock McGinn.
10:58 of 1st period - Stopped by Jordan Binnington without a rebound.
10:59 of 1st period - Mikael Backlund wins face-off versus Pierre-Luc Dubois in MONTREAL Canadiens zone.
11:12 of 1st period - Shot by Pierre-Luc Dubois.
11:12 of 1st period - Stopped by Karel Vejmelka without a rebound.
11:13 of 1st period - Scott Laughton wins face-off versus Michael Amadio in TAMPA BAY Lightning zone.
11:36 of 1st period - Shot by Mason Marchment.
11:36 of 1st period - Shot Misses the Net.
11:38 of 1st period - Shot by Scott Laughton.
11:38 of 1st period - Shot Blocked by Noah Dobson.
11:56 of 1st period - Shot by Chad Ruhwedel.
11:56 of 1st period - Stopped by Jordan Binnington without a rebound.
11:57 of 1st period - Pierre-Luc Dubois wins face-off versus Mikael Backlund in MONTREAL Canadiens zone.
11:57 of 1st period - Pierre-Luc Dubois is hit by Eeli Tolvanen.
12:14 of 1st period - Cole Caufield is hit by Erik Gudbranson.
12:29 of 1st period - Zach Parise is hit by Dylan DeMelo and loses puck.
13:06 of 1st period - Shot by Anthony Mantha.
13:06 of 1st period - Shot Blocked by Dylan DeMelo.
13:27 of 1st period - Phillip Danault is hit by Dylan DeMelo and loses puck.
13:33 of 1st period - Erik Gudbranson is hit by Phillip Danault and loses puck.
13:47 of 1st period - Off-side.
13:48 of 1st period - Tyson Jost wins face-off versus Arthur Kaliyev in neutral zone.
13:55 of 1st period - Arthur Kaliyev is hit by Nick Ritchie and loses puck.
14:13 of 1st period - Off-side.
14:14 of 1st period - Scott Laughton wins face-off versus Pierre-Luc Dubois in neutral zone.
14:44 of 1st period - Icing by Jeremy Lauzon.
14:45 of 1st period - Pierre-Luc Dubois wins face-off versus Tyson Jost in MONTREAL Canadiens zone.
15:01 of 1st period - Shot by Zach Parise.
15:01 of 1st period - Shot Misses the Net.
15:03 of 1st period - Shot by David Savard.
15:03 of 1st period - Stopped by Karel Vejmelka without a rebound.
15:04 of 1st period - Michael McCarron wins face-off versus Phillip Danault in TAMPA BAY Lightning zone.
15:41 of 1st period - Shot by Michael McCarron.
15:41 of 1st period - Deflect By Nicolas Deslauriers.
15:41 of 1st period - Stopped by Jordan Binnington without a rebound.
15:42 of 1st period - Mason Marchment wins face-off versus Joe Veleno in MONTREAL Canadiens zone.
15:55 of 1st period - Shot by Anthony Beauvillier.
15:55 of 1st period - Goal by Anthony Beauvillier - TAMPA BAY Lightning : 1 - MONTREAL Canadiens : 4.
15:56 of 1st period - Pierre-Luc Dubois wins face-off versus Mikael Backlund in neutral zone.
16:08 of 1st period - Shot by Zach Parise.
16:08 of 1st period - Shot Blocked by Anders Lee.
16:15 of 1st period - Mikael Backlund is hit by Jeremy Lauzon and loses puck.
16:52 of 1st period - Shot by Mason Marchment.
16:52 of 1st period - Shot Blocked by Zach Parise.
16:59 of 1st period - Cole Caufield is hit by Mason Marchment and loses puck.
17:29 of 1st period - Anthony Mantha is hit by Dylan DeMelo.
18:06 of 1st period - Icing by Phillip Danault.
18:07 of 1st period - Phillip Danault wins face-off versus Michael McCarron in MONTREAL Canadiens zone.
18:07 of 1st period - Phillip Danault is hit by Michael McCarron.
18:40 of 1st period - Off-side.
18:41 of 1st period - Mikael Backlund wins face-off versus Joe Veleno in neutral zone.
18:49 of 1st period - Icing by Simon Benoit.
18:50 of 1st period - Joe Veleno wins face-off versus Mikael Backlund in MONTREAL Canadiens zone.
19:42 of 1st period - Icing by William Carrier.
19:43 of 1st period - Joe Veleno wins face-off versus Tyson Jost in MONTREAL Canadiens zone.
Goals for this period are 1 for TAMPA BAY Lightning vs 4 for MONTREAL Canadiens.
Shots for this period are 8 for TAMPA BAY Lightning vs 8 for MONTREAL Canadiens.

2nd period


0:01 of 2nd period - Pierre-Luc Dubois wins face-off versus Scott Laughton in neutral zone.
0:20 of 2nd period - Shot by Brock McGinn.
0:20 of 2nd period - Shot Misses the Net.
0:22 of 2nd period - Shot by Mason Marchment.
0:22 of 2nd period - Shot Misses the Net.
0:42 of 2nd period - Shot by Mason Marchment.
0:42 of 2nd period - Shot Blocked by Mike Matheson.
0:44 of 2nd period - Shot by Brock McGinn.
0:44 of 2nd period - Shot Misses the Net.
1:27 of 2nd period - Shot by Christian Fischer.
1:27 of 2nd period - Shot Misses the Net.
1:29 of 2nd period - Shot by Christian Fischer.
1:29 of 2nd period - Shot Blocked by Zach Parise.
1:31 of 2nd period - Shot by Timothy Liljegren.
1:31 of 2nd period - Shot Blocked by Mike Matheson.
2:03 of 2nd period - Shot by Mikael Backlund.
2:03 of 2nd period - Shot Misses the Net.
2:15 of 2nd period - Shot by Eeli Tolvanen.
2:15 of 2nd period - Stopped by Jordan Binnington without a rebound.
2:16 of 2nd period - Nicolas Roy wins face-off versus Scott Laughton in MONTREAL Canadiens zone.
2:29 of 2nd period - Shot by Nicolas Roy.
2:29 of 2nd period - Stopped by Karel Vejmelka without a rebound.
2:30 of 2nd period - Joe Veleno wins face-off versus Nicolas Deslauriers in TAMPA BAY Lightning zone.
2:30 of 2nd period - Joe Veleno is hit by Dylan DeMelo.
2:32 of 2nd period - Shot by David Savard.
2:32 of 2nd period - Shot Misses the Net.
2:34 of 2nd period - Shot by William Carrier.
2:34 of 2nd period - Shot Blocked by Erik Gudbranson.
2:36 of 2nd period - Shot by David Savard.
2:36 of 2nd period - Deflect By William Carrier.
2:36 of 2nd period - Stopped by Karel Vejmelka without a rebound.
2:37 of 2nd period - Scott Laughton wins face-off versus Arthur Kaliyev in TAMPA BAY Lightning zone.
2:47 of 2nd period - Scott Laughton is hit by Jeremy Lauzon and loses puck.
4:34 of 2nd period - Shot by Mikael Backlund.
4:34 of 2nd period - Goal by Mikael Backlund - TAMPA BAY Lightning : 2 - MONTREAL Canadiens : 4.
4:35 of 2nd period - Tyson Jost wins face-off versus Pierre-Luc Dubois in neutral zone.
4:59 of 2nd period - Josh Mahura is hit by Pierre-Luc Dubois and loses puck.
5:15 of 2nd period - Icing by Robert Hagg.
5:16 of 2nd period - Tyson Jost wins face-off versus Nicolas Roy in TAMPA BAY Lightning zone.
6:40 of 2nd period - Shot by Phillip Danault.
6:40 of 2nd period - Shot Blocked by Eeli Tolvanen.
6:50 of 2nd period - Shot by Phillip Danault.
6:50 of 2nd period - Shot Misses the Net.
6:52 of 2nd period - Shot by Alexis Lafrenière.
6:52 of 2nd period - Deflect By Phillip Danault.
6:52 of 2nd period - Stopped by Karel Vejmelka with a rebound.
6:54 of 2nd period - Shot by Marco Scandella.
6:54 of 2nd period - Shot Misses the Net.
7:48 of 2nd period - Shot by Pierre-Luc Dubois.
7:48 of 2nd period - Shot Blocked by Dylan DeMelo.
8:26 of 2nd period - Shot by Joe Veleno.
8:26 of 2nd period - Deflect By Anthony Beauvillier.
8:26 of 2nd period - Stopped by Karel Vejmelka without a rebound.
8:27 of 2nd period - Tyson Jost wins face-off versus Nicolas Roy in TAMPA BAY Lightning zone.
8:46 of 2nd period - Nicolas Roy is hit by Tyson Jost.
9:16 of 2nd period - Dylan DeMelo is hit by Michael Amadio and loses puck.
9:45 of 2nd period - Shot by Alexis Lafrenière.
9:45 of 2nd period - Shot Misses the Net.
10:47 of 2nd period - Shot by Cole Caufield.
10:47 of 2nd period - Goal by Cole Caufield - TAMPA BAY Lightning : 2 - MONTREAL Canadiens : 5.
10:47 of 2nd period - Calvin Petersen enters game.
10:48 of 2nd period - Joe Veleno wins face-off versus Tyson Jost in neutral zone.
11:01 of 2nd period - Shot by Anthony Beauvillier.
11:01 of 2nd period - Shot Misses the Net.
11:10 of 2nd period - Nick Ritchie is hit by Jeremy Lauzon.
11:15 of 2nd period - Minor Penalty to Jeremy Lauzon for Tripping.
11:16 of 2nd period - Mikael Backlund wins face-off versus Phillip Danault in MONTREAL Canadiens zone.
11:41 of 2nd period - Shot by Mikael Backlund.
11:41 of 2nd period - Shot Misses the Net.
12:16 of 2nd period - Scott Laughton is hit by Simon Benoit and loses puck.
12:27 of 2nd period - Shot by Josh Mahura.
12:27 of 2nd period - Stopped by Jordan Binnington without a rebound.
12:28 of 2nd period - Tyson Jost wins face-off versus Alexis Lafrenière in MONTREAL Canadiens zone.
12:45 of 2nd period - Shot by Timothy Liljegren.
12:45 of 2nd period - Stopped by Jordan Binnington without a rebound.
12:46 of 2nd period - Mikael Backlund wins face-off versus Joe Veleno in MONTREAL Canadiens zone.
12:51 of 2nd period - Shot by Mikael Backlund.
12:51 of 2nd period - Shot Misses the Net.
12:53 of 2nd period - Shot by Mikael Backlund.
12:53 of 2nd period - Stopped by Jordan Binnington without a rebound.
12:54 of 2nd period - Mikael Backlund wins face-off versus Phillip Danault in MONTREAL Canadiens zone.
13:23 of 2nd period - Shot by Cole Caufield.
13:23 of 2nd period - Stopped by Calvin Petersen with a rebound.
13:25 of 2nd period - Shot by Simon Benoit.
13:25 of 2nd period - Stopped by Calvin Petersen without a rebound.
13:26 of 2nd period - Michael Amadio wins face-off versus Tyson Jost in TAMPA BAY Lightning zone.
13:32 of 2nd period - Minor Penalty to Tyson Jost for Tripping.
13:33 of 2nd period - Mikael Backlund wins face-off versus Pierre-Luc Dubois in TAMPA BAY Lightning zone.
13:42 of 2nd period - Shot by Noah Dobson.
13:42 of 2nd period - Shot Blocked by Timothy Liljegren.
13:44 of 2nd period - Shot by Alexis Lafrenière.
13:44 of 2nd period - Shot Blocked by Timothy Liljegren.
13:46 of 2nd period - Shot by Noah Dobson.
13:46 of 2nd period - Shot Blocked by Chad Ruhwedel.
13:48 of 2nd period - Shot by Alexis Lafrenière.
13:48 of 2nd period - Stopped by Calvin Petersen without a rebound.
13:49 of 2nd period - Phillip Danault wins face-off versus Mikael Backlund in TAMPA BAY Lightning zone.
15:13 of 2nd period - Shot by Noah Dobson.
15:13 of 2nd period - Shot Blocked by Chad Ruhwedel.
15:15 of 2nd period - Shot by Noah Dobson.
15:15 of 2nd period - Shot Misses the Net.
15:17 of 2nd period - Shot by Pierre-Luc Dubois.
15:17 of 2nd period - Shot Misses the Net.
15:19 of 2nd period - Shot by Mike Matheson.
15:19 of 2nd period - Shot Misses the Net.
15:21 of 2nd period - Shot by Alexis Lafrenière.
15:21 of 2nd period - Stopped by Calvin Petersen without a rebound.
15:22 of 2nd period - Mikael Backlund wins face-off versus Anthony Beauvillier in TAMPA BAY Lightning zone.
15:33 of 2nd period - Shot by Anthony Beauvillier.
15:33 of 2nd period - Stopped by Calvin Petersen with a rebound.
15:42 of 2nd period - William Carrier is hit by Robert Hagg and loses puck.
15:47 of 2nd period - Shot by William Carrier.
15:47 of 2nd period - Shot Misses the Net.
15:49 of 2nd period - Shot by William Carrier.
15:49 of 2nd period - Stopped by Calvin Petersen without a rebound.
15:50 of 2nd period - Michael Amadio wins face-off versus Tyson Jost in TAMPA BAY Lightning zone.
15:57 of 2nd period - Shot by Michael Amadio.
15:57 of 2nd period - Deflect By Arthur Kaliyev.
15:57 of 2nd period - Shot Misses the Net.
16:02 of 2nd period - Erik Gudbranson is hit by Jeremy Lauzon and loses puck.
17:13 of 2nd period - Shot by Cole Caufield.
17:13 of 2nd period - Stopped by Calvin Petersen with a rebound.
17:26 of 2nd period - Minor Penalty to Anthony Mantha for High sticking.
17:27 of 2nd period - Phillip Danault wins face-off versus Mikael Backlund in MONTREAL Canadiens zone.
17:36 of 2nd period - Shot by Josh Mahura.
17:36 of 2nd period - Stopped by Jordan Binnington without a rebound.
17:37 of 2nd period - Mikael Backlund wins face-off versus Phillip Danault in MONTREAL Canadiens zone.
17:44 of 2nd period - Shot by Eeli Tolvanen.
17:44 of 2nd period - Shot Misses the Net.
18:16 of 2nd period - Shot by Timothy Liljegren.
18:16 of 2nd period - Shot Blocked by Noah Dobson.
18:18 of 2nd period - Shot by Timothy Liljegren.
18:18 of 2nd period - Shot Misses the Net.
18:34 of 2nd period - David Savard is hit by Scott Laughton and loses puck.
19:03 of 2nd period - Shot by Chad Ruhwedel.
19:03 of 2nd period - Stopped by Jordan Binnington without a rebound.
19:04 of 2nd period - Joe Veleno wins face-off versus Mikael Backlund in MONTREAL Canadiens zone.
19:18 of 2nd period - Shot by Erik Gudbranson.
19:18 of 2nd period - Goal by Erik Gudbranson - TAMPA BAY Lightning : 3 - MONTREAL Canadiens : 5.
19:19 of 2nd period - Pierre-Luc Dubois wins face-off versus Michael McCarron in neutral zone.
19:32 of 2nd period - Shot by Zach Parise.
19:32 of 2nd period - Stopped by Calvin Petersen with a rebound.
19:34 of 2nd period - Shot by Cole Caufield.
19:34 of 2nd period - Stopped by Calvin Petersen without a rebound.
19:35 of 2nd period - Nicolas Roy wins face-off versus Scott Laughton in TAMPA BAY Lightning zone.
19:36 of 2nd period - Shot by Noah Dobson.
19:36 of 2nd period - Shot Blocked by Brock McGinn.
19:38 of 2nd period - Shot by Noah Dobson.
19:38 of 2nd period - Stopped by Calvin Petersen without a rebound.
19:39 of 2nd period - Pierre-Luc Dubois wins face-off versus Mikael Backlund in TAMPA BAY Lightning zone.
19:57 of 2nd period - Dylan DeMelo is hit by Zach Parise and loses puck.
Goals for this period are 2 for TAMPA BAY Lightning vs 1 for MONTREAL Canadiens.
Shots for this period are 8 for TAMPA BAY Lightning vs 15 for MONTREAL Canadiens.

3rd period


0:01 of 3rd period - Mikael Backlund wins face-off versus Pierre-Luc Dubois in neutral zone.
0:12 of 3rd period - Erik Gudbranson is hit by Pierre-Luc Dubois and loses puck.
0:35 of 3rd period - Shot by Mikael Backlund.
0:35 of 3rd period - Stopped by Jordan Binnington without a rebound.
0:36 of 3rd period - Phillip Danault wins face-off versus Scott Laughton in MONTREAL Canadiens zone.
1:09 of 3rd period - Shot by Alexis Lafrenière.
1:09 of 3rd period - Stopped by Calvin Petersen without a rebound.
1:10 of 3rd period - Michael McCarron wins face-off versus Nicolas Roy in TAMPA BAY Lightning zone.
1:10 of 3rd period - Michael McCarron is hit by Arthur Kaliyev.
1:18 of 3rd period - Dylan DeMelo is hit by Mike Matheson and loses puck.
1:27 of 3rd period - Shot by Nicolas Deslauriers.
1:27 of 3rd period - Stopped by Jordan Binnington without a rebound.
1:28 of 3rd period - Pierre-Luc Dubois wins face-off versus Mikael Backlund in MONTREAL Canadiens zone.
1:49 of 3rd period - Icing by Robert Hagg.
1:50 of 3rd period - Phillip Danault wins face-off versus Mikael Backlund in TAMPA BAY Lightning zone.
2:00 of 3rd period - Minor Penalty to Anders Lee for Tripping.
2:01 of 3rd period - Phillip Danault wins face-off versus Mikael Backlund in TAMPA BAY Lightning zone.
2:04 of 3rd period - Shot by Cole Caufield.
2:04 of 3rd period - Shot Blocked by Dylan DeMelo.
2:06 of 3rd period - Shot by Anthony Beauvillier.
2:06 of 3rd period - Stopped by Calvin Petersen without a rebound.
2:07 of 3rd period - Phillip Danault wins face-off versus Mikael Backlund in TAMPA BAY Lightning zone.
2:20 of 3rd period - Shot by Mike Matheson.
2:20 of 3rd period - Stopped by Calvin Petersen with a rebound.
2:29 of 3rd period - Shot by Noah Dobson.
2:29 of 3rd period - Shot Misses the Net.
2:31 of 3rd period - Shot by Noah Dobson.
2:31 of 3rd period - Goal by Noah Dobson - TAMPA BAY Lightning : 3 - MONTREAL Canadiens : 6.
2:32 of 3rd period - Tyson Jost wins face-off versus Arthur Kaliyev in neutral zone.
3:32 of 3rd period - Shot by Cole Caufield.
3:32 of 3rd period - Stopped by Calvin Petersen without a rebound.
3:33 of 3rd period - Mikael Backlund wins face-off versus Phillip Danault in TAMPA BAY Lightning zone.
3:33 of 3rd period - Mikael Backlund is hit by Alexis Lafrenière.
4:08 of 3rd period - Icing by Chad Ruhwedel.
4:09 of 3rd period - Mikael Backlund wins face-off versus Pierre-Luc Dubois in TAMPA BAY Lightning zone.
4:11 of 3rd period - Icing by Eeli Tolvanen.
4:12 of 3rd period - Pierre-Luc Dubois wins face-off versus Mikael Backlund in TAMPA BAY Lightning zone.
4:16 of 3rd period - Icing by Timothy Liljegren.
4:17 of 3rd period - Mikael Backlund wins face-off versus Pierre-Luc Dubois in TAMPA BAY Lightning zone.
4:54 of 3rd period - Off-side.
4:55 of 3rd period - Anthony Mantha wins face-off versus Scott Laughton in neutral zone.
4:58 of 3rd period - Brock McGinn is hit by Alexis Lafrenière and loses puck.
5:14 of 3rd period - Scott Laughton is hit by Noah Dobson and loses puck.
6:04 of 3rd period - Minor Penalty to Nicolas Deslauriers for Holding.
6:05 of 3rd period - Michael Amadio wins face-off versus Mikael Backlund in TAMPA BAY Lightning zone.
7:07 of 3rd period - Icing by Alexis Lafrenière.
7:08 of 3rd period - Pierre-Luc Dubois wins face-off versus Mikael Backlund in MONTREAL Canadiens zone.
9:19 of 3rd period - David Savard is hit by Eeli Tolvanen and loses puck.
9:32 of 3rd period - Shot by Mikael Backlund.
9:32 of 3rd period - Stopped by Jordan Binnington without a rebound.
9:33 of 3rd period - Scott Laughton wins face-off versus Anthony Beauvillier in MONTREAL Canadiens zone.
10:02 of 3rd period - Shot by Scott Laughton.
10:02 of 3rd period - Shot Misses the Net.
10:34 of 3rd period - Shot by Alexis Lafrenière.
10:34 of 3rd period - Shot Misses the Net.
10:36 of 3rd period - Shot by Phillip Danault.
10:36 of 3rd period - Goal by Phillip Danault - TAMPA BAY Lightning : 3 - MONTREAL Canadiens : 7.
10:37 of 3rd period - Pierre-Luc Dubois wins face-off versus Mikael Backlund in neutral zone.
11:31 of 3rd period - Shot by Alexis Lafrenière.
11:31 of 3rd period - Stopped by Calvin Petersen without a rebound.
11:32 of 3rd period - Phillip Danault wins face-off versus Tyson Jost in TAMPA BAY Lightning zone.
11:42 of 3rd period - Icing by Noah Dobson.
11:43 of 3rd period - Michael McCarron wins face-off versus Phillip Danault in MONTREAL Canadiens zone.
11:46 of 3rd period - Shot by Michael McCarron.
11:46 of 3rd period - Shot Misses the Net.
11:49 of 3rd period - Icing by Noah Dobson.
11:50 of 3rd period - Scott Laughton wins face-off versus Phillip Danault in MONTREAL Canadiens zone.
11:57 of 3rd period - Shot by Mason Marchment.
11:57 of 3rd period - Stopped by Jordan Binnington without a rebound.
11:58 of 3rd period - Pierre-Luc Dubois wins face-off versus Scott Laughton in MONTREAL Canadiens zone.
12:13 of 3rd period - Brock McGinn is hit by Mike Matheson and loses puck.
12:38 of 3rd period - Shot by Scott Laughton.
12:38 of 3rd period - Stopped by Jordan Binnington with a rebound.
13:54 of 3rd period - Shot by Nick Ritchie.
13:54 of 3rd period - Shot Misses the Net.
13:57 of 3rd period - Icing by Simon Benoit.
13:58 of 3rd period - Nicolas Roy wins face-off versus Michael McCarron in MONTREAL Canadiens zone.
14:07 of 3rd period - Shot by Arthur Kaliyev.
14:07 of 3rd period - Shot Misses the Net.
14:09 of 3rd period - Shot by Simon Benoit.
14:09 of 3rd period - Deflect By Michael Amadio.
14:09 of 3rd period - Stopped by Calvin Petersen without a rebound.
14:10 of 3rd period - Scott Laughton wins face-off versus Joe Veleno in TAMPA BAY Lightning zone.
14:30 of 3rd period - Off-side.
14:31 of 3rd period - Pierre-Luc Dubois wins face-off versus Mikael Backlund in neutral zone.
14:31 of 3rd period - Zach Parise is hit by Mikael Backlund and loses puck.
15:02 of 3rd period - Shot by Mikael Backlund.
15:02 of 3rd period - Shot Misses the Net.
15:04 of 3rd period - Shot by Erik Gudbranson.
15:04 of 3rd period - Stopped by Jordan Binnington without a rebound.
15:05 of 3rd period - Phillip Danault wins face-off versus Scott Laughton in MONTREAL Canadiens zone.
15:12 of 3rd period - Shot by Phillip Danault.
15:12 of 3rd period - Shot Blocked by Timothy Liljegren.
15:15 of 3rd period - Minor Penalty to Phillip Danault for Tripping.
15:16 of 3rd period - Alexis Lafrenière wins face-off versus Tyson Jost in MONTREAL Canadiens zone.
15:16 of 3rd period - Alexis Lafrenière is hit by Scott Laughton.
16:30 of 3rd period - Shot by Mikael Backlund.
16:30 of 3rd period - Shot Misses the Net.
17:00 of 3rd period - Icing by Scott Laughton.
17:01 of 3rd period - Tyson Jost wins face-off versus Alexis Lafrenière in TAMPA BAY Lightning zone.
17:08 of 3rd period - Anthony Beauvillier is hit by Mason Marchment.
18:15 of 3rd period - Shot by Phillip Danault.
18:15 of 3rd period - Shot Blocked by Erik Gudbranson.
18:25 of 3rd period - Shot by Alexis Lafrenière.
18:25 of 3rd period - Shot Misses the Net.
18:27 of 3rd period - Shot by Phillip Danault.
18:27 of 3rd period - Deflect By Alexis Lafrenière.
18:27 of 3rd period - Shot Misses the Net.
18:29 of 3rd period - Shot by Alexis Lafrenière.
18:29 of 3rd period - Stopped by Calvin Petersen without a rebound.
18:30 of 3rd period - Nicolas Roy wins face-off versus Mikael Backlund in TAMPA BAY Lightning zone.
18:59 of 3rd period - Icing by Robert Hagg.
19:00 of 3rd period - Mikael Backlund wins face-off versus Phillip Danault in TAMPA BAY Lightning zone.
19:04 of 3rd period - Off-side.
19:05 of 3rd period - Scott Laughton wins face-off versus Pierre-Luc Dubois in neutral zone.
19:05 of 3rd period - Scott Laughton is hit by Pierre-Luc Dubois.
19:11 of 3rd period - Shot by Mason Marchment.
19:11 of 3rd period - Shot Blocked by Jeremy Lauzon.
19:23 of 3rd period - Shot by Zach Parise.
19:23 of 3rd period - Shot Misses the Net.
19:37 of 3rd period - Shot by Cole Caufield.
19:37 of 3rd period - Stopped by Calvin Petersen without a rebound.
19:38 of 3rd period - Mikael Backlund wins face-off versus Phillip Danault in TAMPA BAY Lightning zone.
19:49 of 3rd period - Shot by Phillip Danault.
19:49 of 3rd period - Shot Misses the Net.
19:55 of 3rd period - Phillip Danault is hit by Mikael Backlund.
Goals for this period are 0 for TAMPA BAY Lightning vs 2 for MONTREAL Canadiens.
Shots for this period are 6 for TAMPA BAY Lightning vs 10 for MONTREAL Canadiens. Output by the SimonT Hockey Simulator (STHS) for Martin Benoit - Original Page W3C HTML5 Valid
Hockey Simulator - Hockey Simulation - Hockey Manager